[Event "November 21 Early 2023"]
[Site "https://www.chess.com"]
[Date "2023.11.21"]
[Round "2"]
[White "Aggelis, Nikolaos"]
[Black "Rakhmanov, Aleksandr"]
[Result "1-0"]
[Board "49"]
[TimeControl "180+1"]
[WhiteFideId "4213220"]
[BlackFideId "4173708"]
[WhiteElo "2187"]
[BlackElo "2521"]
[WhiteTeam "GRE"]
[BlackTeam "FID"]
[WhiteClock "0:01:29"]
[BlackClock "0:00:00"]

1. c4 e5 2. Nc3 Bb4 3. Nd5 a5 4. Nxb4 axb4 5. a3 Nf6 6. Qb3 Nc6 7. e3 O-O 8. Nf3 d5 9. cxd5 Nxd5 10. Bb5 e4 11. Nd4 Nxd4 12. exd4 Be6 13. Qg3 c6 14. Be2 f5 15. Qe5 Qd7 16. d3 Rae8 17. O-O Bf7 18. Qg3 Bg6 19. Bf4 Qf7 20. Be5 Re7 21. dxe4 fxe4 22. Bc4 Rfe8 23. axb4 Rd7 24. b5 Bf5 25. bxc6 bxc6 26. Ra6 Be6 27. Rxc6 Nb4 28. Rxe6 Rxe6 29. Qg4 Nd5 30. Qxe4 Rg6 31. f4 h6 32. f5 Rg5 33. f6 g6 34. Ra1 Kh7 35. Ra5 Nxf6 36. Qe2 1-0

[Event "November 21 Early 2023"]
[Site "https://www.chess.com"]
[Date "2023.11.21"]
[Round "2"]
[White "Beerdsen, Thomas"]
[Black "Grunberg, Mihai-Lucian"]
[Result "1-0"]
[Board "50"]
[TimeControl "180+1"]
[WhiteFideId "1030108"]
[BlackFideId "1204149"]
[WhiteElo "2550"]
[BlackElo "2363"]
[WhiteTeam "NED"]
[BlackTeam "ROU"]
[WhiteClock "0:02:20"]
[BlackClock "0:00:55"]

1. e4 Nf6 2. e5 Nd5 3. d4 d6 4. Nf3 dxe5 5. Nxe5 c6 6. Be2 Nd7 7. f4 Nxe5 8. fxe5 Bf5 9. O-O e6 10. a3 Be7 11. c4 Nc7 12. Nc3 Bg5 13. Bf3 O-O 14. Kh1 Re8 15. Bxg5 Qxg5 16. Qe2 Rad8 17. Rad1 Bg6 18. Ne4 Qh6 19. Nd6 Re7 20. Nxb7 Rb8 21. Na5 Rd7 22. Nxc6 Rb3 23. d5 exd5 24. Bxd5 Re3 25. Qf2 Nxd5 26. Rxd5 Rxd5 27. cxd5 Rd3 28. e6 Rxd5 29. Ne7+ 1-0

[Event "November 21 Early 2023"]
[Site "https://www.chess.com"]
[Date "2023.11.21"]
[Round "2"]
[White "Badelka, Olga"]
[Black "Licznerski, Lukasz"]
[Result "0-1"]
[Board "51"]
[TimeControl "180+1"]
[WhiteFideId "13509926"]
[BlackFideId "1179250"]
[WhiteElo "2262"]
[BlackElo "2436"]
[WhiteTeam "FID"]
[BlackTeam "POL"]
[WhiteClock "0:00:02"]
[BlackClock "0:00:33"]

1. c4 e5 2. Nc3 Nf6 3. Nf3 Nc6 4. e3 Bb4 5. Nd5 Be7 6. Nxe7 Qxe7 7. d4 d6 8. Be2 O-O 9. O-O Bg4 10. h3 Bd7 11. d5 Nd8 12. Qc2 a5 13. e4 Nh5 14. Re1 f5 15. Bd3 f4 16. Bd2 Nf7 17. b4 axb4 18. Bxb4 Ba4 19. Qe2 Nf6 20. Bc2 b6 21. Bxa4 Rxa4 22. a3 Rfa8 23. g4 g5 24. Kg2 Qd7 25. Nd2 Kg7 26. f3 Rh8 27. Rh1 Raa8 28. h4 h5 29. gxh5 Rxh5 30. hxg5 Nxg5 31. Rxh5 Nxh5 32. Rg1 Ng3 33. Qd3 Rh8 34. Kf2 Nh3+ 0-1

[Event "November 21 Early 2023"]
[Site "https://www.chess.com"]
[Date "2023.11.21"]
[Round "2"]
[White "AlmasRakhmatullaev"]
[Black "Jovic, Stanoje"]
[Result "1-0"]
[Board "52"]
[TimeControl "180+1"]
[BlackFideId "905020"]
[WhiteElo "2864"]
[BlackElo "2249"]
[BlackTeam "SRB"]
[WhiteClock "0:00:23"]
[BlackClock "0:00:00"]

1. e4 c6 2. Ne2 d5 3. Nec3 d4 4. Ne2 e5 5. Ng1 Nf6 6. d3 c5 7. g3 Nc6 8. Bg2 Rb8 9. Nf3 b5 10. O-O c4 11. Ne1 h5 12. h4 Be7 13. Nd2 Be6 14. Ndf3 Bg4 15. Qd2 Bb4 16. c3 dxc3 17. bxc3 Bc5 18. d4 exd4 19. e5 Ne4 20. Qf4 Nxc3 21. Kh1 Ne2 22. Qe4 Qd7 23. Qxe2 Nb4 24. Qe4 Rb6 25. Ng5 Kf8 26. Ba3 Bf5 27. Qa8+ Qc8 28. Qxa7 Rf6 29. Bxb4 1-0

[Event "November 21 Early 2023"]
[Site "https://www.chess.com"]
[Date "2023.11.21"]
[Round "2"]
[White "Rohith Krishna S"]
[Black "Pham, Le Thao Nguyen"]
[Result "1/2-1/2"]
[Board "53"]
[TimeControl "180+1"]
[WhiteFideId "46617051"]
[BlackFideId "12401226"]
[WhiteElo "2394"]
[BlackElo "2261"]
[WhiteTeam "IND"]
[BlackTeam "VIE"]
[WhiteClock "0:00:41"]
[BlackClock "0:00:07"]

1. c4 Nf6 2. Nc3 c6 3. e4 e5 4. d3 d6 5. g3 g6 6. Bg2 Bg7 7. Nge2 O-O 8. O-O Nbd7 9. h3 Nc5 10. f4 Ne6 11. Be3 Nd7 12. f5 Nd4 13. g4 Nxe2+ 14. Qxe2 Bf6 15. Rf3 Bg5 16. Raf1 Bxe3+ 17. Qxe3 f6 18. fxg6 hxg6 19. Qh6 Qe8 20. g5 fxg5 21. Qxg5 Rxf3 22. Rxf3 Nf8 23. Qf6 Be6 24. h4 Qf7 25. Qg5 Qg7 26. Rg3 Re8 27. h5 Kh7 28. Ne2 Qh6 29. Qf6 Qg7 30. Qh4 Qh6 31. Rg5 Bf7 32. Bh3 gxh5 33. Bf5+ Kh8 34. Ng3 Nh7 35. Bxh7 Qxh7 36. Nxh5 Rg8 37. Rxg8+ Qxg8+ 38. Kf2 Bxh5 39. Qxh5+ Kg7 40. Ke3 Qf7 41. Qg5+ Kh7 42. Qh4+ Kg7 43. Kd2 Qf6 44. Qg4+ Qg6 45. Qd7+ Kh6 46. Qxb7 Qg2+ 47. Kc3 c5 48. Qd5 Qg6 49. Kb3 Kg5 50. Ka4 Qe8+ 51. Ka3 Qb8 52. b3 Kf4 53. Kb2 Qb4 54. Kc2 Ke3 55. Qxd6 Qd2+ 56. Kb1 Qd1+ 57. Kb2 Qd2+ 58. Ka3 Qb4+ 59. Kb2 Qd2+ 60. Ka3 Qb4+ 61. Kb2 Qd2+ 1/2-1/2

[Event "November 21 Early 2023"]
[Site "https://www.chess.com"]
[Date "2023.11.21"]
[Round "2"]
[White "Khater, Sherif"]
[Black "Javakhadze, Zurab"]
[Result "0-1"]
[Board "54"]
[TimeControl "180+1"]
[WhiteFideId "2034280"]
[BlackFideId "13603647"]
[WhiteElo "2554"]
[BlackElo "2381"]
[WhiteTeam "USA"]
[BlackTeam "GEO"]
[WhiteClock "0:00:15"]
[BlackClock "0:00:06"]

1. c4 e6 2. Nc3 d5 3. d4 Nf6 4. Nf3 Be7 5. e3 O-O 6. Bd3 b6 7. O-O Bb7 8. Qe2 c5 9. cxd5 exd5 10. Rd1 a6 11. b3 Nbd7 12. Bb2 Bd6 13. Rac1 Qe7 14. Na4 c4 15. Bb1 b5 16. Nc3 b4 17. Na4 c3 18. Ba1 a5 19. Bd3 Ne4 20. a3 Ndf6 21. Bb5 Ng4 22. Rf1 f5 23. h3 Ngf6 24. Rc2 f4 25. exf4 Bxf4 26. Nc5 Qf7 27. Re1 Bd6 28. Nxb7 Qxb7 29. Bd3 Rae8 30. Qf1 Nh5 31. Rce2 Nf4 32. Re3 Re7 33. Bxe4 Rxe4 34. Rxe4 dxe4 35. Ne5 Bxe5 36. dxe5 Nd3 37. Re3 Rxf2 38. Qd1 Rd2 39. Qg4 Rf2 40. Qe6+ Qf7 41. Qc8+ Qf8 42. Qe6+ Kh8 43. Rxe4 Rf1+ 44. Kh2 Nf2 45. Re2 Rh1+ 46. Kg3 Nd3 47. Qd6 Qf4# 0-1

[Event "November 21 Early 2023"]
[Site "https://www.chess.com"]
[Date "2023.11.21"]
[Round "2"]
[White "Eljanov, Pavel"]
[Black "Iskusnyh, Sergei"]
[Result "1-0"]
[Board "55"]
[TimeControl "180+1"]
[WhiteFideId "14102951"]
[BlackFideId "4120027"]
[WhiteElo "2598"]
[BlackElo "2455"]
[WhiteTeam "UKR"]
[BlackTeam "RUS"]
[WhiteClock "0:02:12"]
[BlackClock "0:01:13"]

1. d4 d5 2. Bf4 Nf6 3. e3 c5 4. Nf3 Nc6 5. Nbd2 cxd4 6. exd4 Bg4 7. c3 e6 8. Qb3 Bd6 9. Qxb7 O-O 10. Bg3 Bxg3 11. hxg3 Qd6 12. Bb5 Rac8 13. Qa6 Rfd8 14. O-O Qb8 15. Bxc6 Rd6 16. Ne5 Qxb2 17. Qxc8+ 1-0

[Event "November 21 Early 2023"]
[Site "https://www.chess.com"]
[Date "2023.11.21"]
[Round "2"]
[White "Tologon tegin, Semetei"]
[Black "BardArtem"]
[Result "0-1"]
[Board "56"]
[TimeControl "180+1"]
[WhiteFideId "13800574"]
[WhiteElo "2258"]
[BlackElo "2853"]
[WhiteTeam "KGZ"]
[WhiteClock "0:00:06"]
[BlackClock "0:00:01"]

1. c4 e6 2. g3 d5 3. Bg2 Nf6 4. b3 c6 5. Bb2 Bd6 6. Nf3 O-O 7. O-O Re8 8. Nc3 e5 9. cxd5 cxd5 10. Nb5 Nc6 11. Nxd6 Qxd6 12. d4 e4 13. Ne5 Be6 14. Rc1 Rac8 15. Qd2 h6 16. Rc5 Nxe5 17. Rxc8 Nf3+ 18. exf3 Rxc8 19. fxe4 Nxe4 20. Bxe4 dxe4 21. Re1 Bd5 22. Rc1 Re8 23. Rc5 b6 24. Rc3 Qe6 25. Qe3 Qh3 26. Rc7 h5 27. Bc1 h4 28. Bd2 Re6 29. Rc8+ Kh7 30. Rd8 hxg3 31. fxg3 Rf6 32. Qe2 e3 33. Rxd5 g6 34. Bxe3 Qe6 35. Re5 Qc6 36. Bf4 Kg7 37. d5 Qc5+ 38. Qe3 Qc2 39. Qd2 Qb1+ 40. Kg2 a5 41. Re2 Qf5 42. Be5 Qf1# 0-1

[Event "November 21 Early 2023"]
[Site "https://www.chess.com"]
[Date "2023.11.21"]
[Round "2"]
[White "Szpar, Milosz"]
[Black "Tikhonov, Viacheslav"]
[Result "1-0"]
[Board "57"]
[TimeControl "180+1"]
[WhiteFideId "1184989"]
[BlackFideId "44196407"]
[WhiteElo "2446"]
[BlackElo "2191"]
[WhiteTeam "POL"]
[BlackTeam "RUS"]
[WhiteClock "0:00:09"]
[BlackClock "0:00:00"]

1. e4 c5 2. Nf3 g6 3. c3 Bg7 4. d4 cxd4 5. cxd4 d5 6. e5 a6 7. h3 Nc6 8. Nc3 f6 9. exf6 Nxf6 10. Bd3 O-O 11. O-O Nh5 12. Bc2 Kh8 13. Bb3 e6 14. Bg5 Qd6 15. Re1 b5 16. Rc1 Bd7 17. Qd2 Rxf3 18. gxf3 Nxd4 19. Bd1 e5 20. Re3 h6 21. Bh4 Nf4 22. Bg3 Rf8 23. Ne2 Nxh3+ 24. Kg2 Nf4+ 25. Bxf4 exf4 26. Rd3 Qe6 27. Ng1 Qf6 28. Rc7 Be6 29. Rxg7 Kxg7 30. Rxd4 Qg5+ 31. Kf1 Rf5 32. Bb3 Re5 33. Qc3 Kh7 34. Qc7+ Kh8 35. Qb8+ Kh7 36. Qc7+ Kh8 37. Qc1 Qf5 38. Bc2 Qg5 39. Qxf4 Qh5 40. Qf6+ Kh7 41. Rh4 1-0

[Event "November 21 Early 2023"]
[Site "https://www.chess.com"]
[Date "2023.11.21"]
[Round "2"]
[White "Herzog2012"]
[Black "Klukin, Kirill"]
[Result "1/2-1/2"]
[Board "58"]
[TimeControl "180+1"]
[BlackFideId "24199273"]
[WhiteElo "2548"]
[BlackElo "2344"]
[BlackTeam "RUS"]
[WhiteClock "0:00:05"]
[BlackClock "0:00:36"]

1. e4 c5 2. Nf3 g6 3. d4 cxd4 4. Qxd4 Nf6 5. Nc3 Nc6 6. Qa4 d6 7. e5 dxe5 8. Nxe5 Bd7 9. Nxd7 Nxd7 10. Be3 Bg7 11. Be2 O-O 12. O-O Nb6 13. Qh4 Nd4 14. Bd3 e5 15. Qxd8 Rfxd8 16. Rad1 Rac8 17. Rd2 Nc4 18. Bxc4 Rxc4 19. Rfd1 Rdc8 20. h3 f5 21. f4 Nc6 22. Nd5 Kf7 23. fxe5 Nxe5 24. c3 b6 25. Bd4 R4c6 26. b3 Rd6 27. c4 Rcd8 28. Be3 h6 29. Nb4 Rxd2 30. Rxd2 Rxd2 31. Bxd2 Kf6 32. Kf2 Ke6 33. Ke2 g5 34. Bc3 Bf8 35. Nd3 Ng6 36. g4 Ne7 37. b4 Nc6 38. b5 Nd8 39. Be5 fxg4 40. hxg4 Bd6 41. Bxd6 Kxd6 42. Ke3 Nf7 43. Kd4 Nd8 44. c5+ bxc5+ 45. Nxc5 Nf7 46. a4 Ne5 47. Ne4+ Ke6 48. Nc5+ Kd6 49. Ne4+ Ke6 50. Nc5+ Kd6 1/2-1/2

[Event "November 21 Early 2023"]
[Site "https://www.chess.com"]
[Date "2023.11.21"]
[Round "2"]
[White "Visakh N R"]
[Black "Shuvalov, Evgenij"]
[Result "0-1"]
[Board "59"]
[TimeControl "180+1"]
[WhiteFideId "25012223"]
[BlackFideId "4187237"]
[WhiteElo "2474"]
[BlackElo "2059"]
[WhiteTeam "IND"]
[BlackTeam "FID"]
[WhiteClock "0:01:33"]
[BlackClock "0:01:12"]

1. e4 e6 2. d4 d5 3. Bd3 c5 4. exd5 exd5 5. dxc5 Bxc5 6. Nf3 Nf6 7. O-O O-O 8. h3 h6 9. Nbd2 Nc6 10. Nb3 Bb6 11. c3 Qd6 12. Re1 Bxh3 13. gxh3 Qg3+ 14. Kh1 Qxh3+ 15. Nh2 Bxf2 16. Rf1 Bg3 17. Qe2 Bxh2 18. Bf5 Rae8 19. Qf2 Ng4 20. Bxg4 Qxg4 21. Qxh2 Re2 22. Bf4 Rxh2+ 23. Bxh2 Re8 24. Rae1 Re2 25. Nc1 Qg2# 0-1

[Event "November 21 Early 2023"]
[Site "https://www.chess.com"]
[Date "2023.11.21"]
[Round "2"]
[White "elmusmolamas"]
[Black "Warmerdam, Max"]
[Result "1/2-1/2"]
[Board "60"]
[TimeControl "180+1"]
[BlackFideId "1048104"]
[WhiteElo "2547"]
[BlackElo "2530"]
[BlackTeam "NED"]
[WhiteClock "0:00:08"]
[BlackClock "0:00:01"]

1. e4 g6 2. d4 Bg7 3. Nf3 d6 4. Bd3 Nc6 5. O-O Nf6 6. Re1 O-O 7. h3 e5 8. c3 a5 9. Bg5 h6 10. Bh4 Qe8 11. Na3 Bd7 12. Nb5 Qc8 13. a4 Re8 14. Bg3 Nh5 15. Bh2 Na7 16. Nxa7 Rxa7 17. dxe5 dxe5 18. Bc4 Be6 19. Qb3 b6 20. Bxe6 Qxe6 21. Qxe6 Rxe6 22. Rad1 Ra8 23. Rd7 Rc8 24. Red1 Ree8 25. R7d3 Kf8 26. Nd2 Nf4 27. Bxf4 exf4 28. f3 Bf6 29. Nb3 h5 30. Kf1 Ke7 31. Ke2 Be5 32. R1d2 g5 33. Rd5 Kf6 34. Nd4 Rcd8 35. Rxd8 Rxd8 36. Nc6 Re8 37. Rd5 Bd6 38. Rf5+ Kg6 39. Kd3 f6 40. Kc4 Kf7 41. Kb5 Ke6 42. b4 Ra8 43. bxa5 bxa5 44. Kc4 Ra6 45. Nd4+ Ke7 46. Rb5 Be5 47. Nb3 Rd6 48. Rd5 Rc6+ 49. Rc5 Rd6 50. Rd5 Rc6+ 51. Rc5 Rd6 52. Nd4 Rb6 53. Nb3 Rd6 1/2-1/2

[Event "November 21 Early 2023"]
[Site "https://www.chess.com"]
[Date "2023.11.21"]
[Round "2"]
[White "Kravtsiv, Martyn"]
[Black "Gavrilov, Maxim"]
[Result "1-0"]
[Board "61"]
[TimeControl "180+1"]
[WhiteFideId "14113147"]
[BlackFideId "24271454"]
[WhiteElo "2689"]
[BlackElo "2157"]
[WhiteTeam "UKR"]
[BlackTeam "RUS"]
[WhiteClock "0:00:41"]
[BlackClock "0:00:00"]

1. e4 c5 2. Nf3 d6 3. Bb5+ Bd7 4. Bxd7+ Qxd7 5. c4 Nc6 6. Nc3 g6 7. d4 cxd4 8. Nxd4 Bg7 9. Be3 Nf6 10. f3 O-O 11. O-O Rfc8 12. b3 a6 13. Nde2 Qd8 14. a4 Nd7 15. Rb1 Qa5 16. Nd5 e6 17. Bd2 Qd8 18. Ndc3 Nb4 19. Kh1 Qb6 20. Be1 Nc5 21. Bh4 Re8 22. Qd2 Rac8 23. Nd1 d5 24. exd5 exd5 25. cxd5 Nxd5 26. Bf2 Qb4 27. Qxd5 Rxe2 28. Rc1 b6 29. Rc4 Qa3 30. b4 Rce8 31. bxc5 bxc5 32. h3 Qa2 33. Rxc5 Qxa4 34. Qc4 Qa3 35. Rc8 h5 36. Qxe2 Rxc8 37. Ne3 a5 38. Nd5 Kh7 39. Qa6 a4 40. Qxc8 Qd3 41. Ne3 a3 42. Qc2 Qa6 43. Qc4 Qa5 44. Qa2 Qa6 45. Rd1 1-0

[Event "November 21 Early 2023"]
[Site "https://www.chess.com"]
[Date "2023.11.21"]
[Round "2"]
[White "Valner, Uku"]
[Black "Idani, Pouya"]
[Result "0-1"]
[Board "62"]
[TimeControl "180+1"]
[WhiteFideId "4502205"]
[BlackFideId "12510130"]
[WhiteElo "2220"]
[BlackElo "2574"]
[WhiteTeam "EST"]
[BlackTeam "IRI"]
[WhiteClock "0:00:00"]
[BlackClock "0:00:17"]

1. e4 c6 2. d4 d5 3. exd5 cxd5 4. Bd3 Nc6 5. c3 e6 6. Bf4 Bd6 7. Bxd6 Qxd6 8. Nf3 Nge7 9. O-O O-O 10. Nbd2 f6 11. Re1 Bd7 12. Qb3 Rab8 13. Rad1 b5 14. a3 a5 15. Qc2 h6 16. Nb3 Be8 17. Nc5 e5 18. Nd2 Bf7 19. b4 axb4 20. axb4 exd4 21. Nf3 dxc3 22. Qxc3 d4 23. Qd2 Nd5 24. Bf5 Ndxb4 25. Nd7 Rbd8 26. Nxf8 Kxf8 27. Bd3 Bc4 28. Bb1 d3 29. Nh4 Kf7 30. Nf5 Qc5 31. Ne3 Nd5 32. Ba2 Nxe3 33. Rxe3 Ne5 34. h3 Qd5 35. Bb1 Qd4 36. Rc1 g5 37. Ba2 Rd7 38. Rd1 Kg7 39. Ree1 Kg6 40. Bb1 h5 41. Re3 h4 42. Rde1 Kg7 43. Rd1 Rd5 44. Rde1 Rc5 45. Rd1 Bf7 46. Qa5 b4 47. Qa7 Rd5 48. Qxd4 Rxd4 49. Bxd3 b3 50. Be2 Rxd1+ 51. Bxd1 b2 52. Bc2 Ba2 53. Re1 Nc4 54. Bb1 Bb3 55. Re2 Kf7 56. f3 Bd1 57. Rf2 Ke7 58. Kf1 Kd6 59. Ke1 Bb3 60. Re2 Kc5 61. Bd3 Kd4 62. Be4 Kc3 63. Bb1 Na3 64. Bf5 Bc2 65. Bxc2 Nxc2+ 0-1

[Event "November 21 Early 2023"]
[Site "https://www.chess.com"]
[Date "2023.11.21"]
[Round "2"]
[White "Jeet, Jain"]
[Black "Narayanan, Srinath"]
[Result "0-1"]
[Board "63"]
[TimeControl "180+1"]
[WhiteFideId "5073022"]
[BlackFideId "5018420"]
[WhiteElo "2067"]
[BlackElo "2442"]
[WhiteTeam "IND"]
[BlackTeam "IND"]
[WhiteClock "0:00:11"]
[BlackClock "0:00:03"]

1. c4 g6 2. Nc3 Bg7 3. g3 e5 4. Bg2 d6 5. e3 Ne7 6. Nge2 c5 7. d4 cxd4 8. exd4 Nbc6 9. dxe5 Nxe5 10. b3 Bg4 11. O-O Bf3 12. Bb2 O-O 13. Qd2 Qb6 14. Na4 Qc6 15. Bxe5 dxe5 16. Bxf3 Qxf3 17. Rad1 Nf5 18. Nac3 h5 19. Qd5 Qg4 20. Qe4 Rad8 21. Qxb7 Rxd1 22. Rxd1 Nd4 23. Nxd4 exd4 24. f3 Qh3 25. Ne2 h4 26. Nf4 Qf5 27. Qe4 Qa5 28. a4 Rb8 29. Qd3 hxg3 30. hxg3 Qe5 31. Kf2 Qe7 32. Rd2 Qa3 33. Qe4 Rxb3 34. Qe8+ Bf8 35. Rxd4 Rxf3+ 36. Ke2 Rb3 37. Nd5 Rb2+ 38. Rd2 Rxd2+ 39. Kxd2 Qxg3 40. Qe4 Qg5+ 41. Kc3 Qd8 42. Qd4 Bg7 0-1

[Event "November 21 Early 2023"]
[Site "https://www.chess.com"]
[Date "2023.11.21"]
[Round "2"]
[White "Vakhlamov, Igor L."]
[Black "NovoselovRoman"]
[Result "1-0"]
[Board "64"]
[TimeControl "180+1"]
[WhiteFideId "24126748"]
[WhiteElo "2407"]
[BlackElo "2543"]
[WhiteTeam "RUS"]
[WhiteClock "0:00:21"]
[BlackClock "0:00:02"]

1. e4 e6 2. d4 d5 3. Nc3 Nf6 4. Bd3 c5 5. Nf3 Nc6 6. exd5 Nxd5 7. Nxd5 Qxd5 8. dxc5 Bxc5 9. O-O Bd7 10. Qe2 Qh5 11. Rd1 Rd8 12. Bf4 O-O 13. Bc7 Rc8 14. Bxh7+ Qxh7 15. Rxd7 Nb4 16. c3 Nd5 17. Bg3 b5 18. Qxb5 Qc2 19. Qb3 Qf5 20. Re1 Nf4 21. Bxf4 Qxf4 22. Qd1 Bb6 23. Qd2 Qa4 24. b3 Qc6 25. Ne5 Qxc3 26. Nc4 Qxd2 27. Rxd2 Bc5 28. Red1 g5 29. g3 Kg7 30. Kg2 Rc6 31. Rd7 Ra6 32. R1d2 Kf6 33. h3 Bb4 34. Rc2 Rc6 35. Rxa7 Rd8 36. Re2 Rd5 37. Rb7 Bc5 38. Nd2 Bd4 39. a4 Rc1 40. Nc4 Rb1 41. a5 Bc5 42. a6 Rdd1 43. Ne5 Ra1 44. Rxf7# 1-0

[Event "November 21 Early 2023"]
[Site "https://www.chess.com"]
[Date "2023.11.21"]
[Round "2"]
[White "Guliev, Logman"]
[Black "Urazayev, Arystanbek"]
[Result "0-1"]
[Board "65"]
[TimeControl "180+1"]
[WhiteFideId "13400061"]
[BlackFideId "13709810"]
[WhiteElo "2098"]
[BlackElo "2405"]
[WhiteTeam "AZE"]
[BlackTeam "KAZ"]
[WhiteClock "0:00:00"]
[BlackClock "0:01:12"]

1. e4 e5 2. Nf3 Nc6 3. Bb5 a6 4. Ba4 Nf6 5. O-O Be7 6. Re1 b5 7. Bb3 O-O 8. h3 Bb7 9. d3 d5 10. exd5 Nxd5 11. Nc3 Nxc3 12. bxc3 Bf6 13. a4 b4 14. Nd2 bxc3 15. Ne4 Nd4 16. Ba3 Nxb3 17. cxb3 Re8 18. Qc2 Qd4 19. Bc5 Qd5 20. Qxc3 Rad8 21. Re3 Bh4 22. Rf3 f5 23. Rxf5 Qxd3 24. Qxd3 Rxd3 25. Ng5 h6 26. Nf3 Bf6 27. b4 e4 28. Ne1 Bxa1 0-1

[Event "November 21 Early 2023"]
[Site "https://www.chess.com"]
[Date "2023.11.21"]
[Round "2"]
[White "Pakleza, Zbigniew"]
[Black "ChessRespected"]
[Result "1-0"]
[Board "66"]
[TimeControl "180+1"]
[WhiteFideId "1119290"]
[WhiteElo "2410"]
[BlackElo "2537"]
[WhiteTeam "POL"]
[WhiteClock "0:00:08"]
[BlackClock "0:00:00"]

1. d4 d5 2. Bf4 Nf6 3. e3 c5 4. c3 Nc6 5. Nd2 g6 6. Ngf3 Nh5 7. Be5 f6 8. Bg3 cxd4 9. cxd4 Nxg3 10. hxg3 Bg7 11. Be2 O-O 12. Rc1 Be6 13. O-O Bf7 14. Nb3 e5 15. Nc5 Qe7 16. Re1 Rac8 17. Bf1 e4 18. Nd2 f5 19. Qa4 h5 20. Rc3 h4 21. gxh4 f4 22. Rec1 fxe3 23. fxe3 Bh6 24. g3 g5 25. Bh3 gxh4 26. Bxc8 Rxc8 27. Qd1 Qg5 28. Nf1 hxg3 29. R1c2 Bh5 30. Qe1 Rf8 31. Rg2 Kh7 32. Ne6 Rxf1+ 33. Qxf1 Qxe3+ 34. Rxe3 Bxe3+ 35. Kh1 Bf3 36. Qe1 Bf2 37. Qc1 e3 38. Ng5+ Kg6 39. Nxf3 Nxd4 40. Nxd4 e2 41. Nxe2 1-0

[Event "November 21 Early 2023"]
[Site "https://www.chess.com"]
[Date "2023.11.21"]
[Round "2"]
[White "TomLiu777"]
[Black "Bordi, Kevin"]
[Result "0-1"]
[Board "67"]
[TimeControl "180+1"]
[BlackFideId "621862"]
[WhiteElo "2537"]
[BlackElo "2830"]
[BlackTeam "MNC"]
[WhiteClock "0:00:02"]
[BlackClock "0:00:48"]

1. c4 c6 2. e3 d5 3. Nf3 Nf6 4. b3 Bf5 5. Bb2 e6 6. d3 Nbd7 7. Nbd2 Nc5 8. Ne5 Bd6 9. Ndf3 Qa5+ 10. Qd2 Qxd2+ 11. Kxd2 Rd8 12. cxd5 exd5 13. Be2 O-O 14. Rac1 Rfe8 15. g4 Bc8 16. g5 Ng4 17. Nxg4 Bxg4 18. h4 Bh5 19. Nd4 Bxe2 20. Kxe2 Ne6 21. Nf5 Bf8 22. Kf3 g6 23. Nd4 Bg7 24. Nxe6 fxe6 25. Bxg7 Kxg7 26. d4 e5 27. Rhd1 Rf8+ 28. Ke2 e4 29. Rg1 Rf3 30. Rg3 Rxg3 31. fxg3 Rf8 32. Rf1 Rxf1 33. Kxf1 Kf7 34. Ke2 Ke6 35. g4 Kd6 36. Kd2 c5 37. Kc3 b6 38. a3 Kc6 39. a4 Kd6 40. b4 cxb4+ 41. Kxb4 Kc6 42. a5 a6 43. axb6 Kxb6 44. Ka4 a5 45. Ka3 Kb5 46. Kb3 a4+ 47. Ka3 Ka5 48. h5 Kb5 49. h6 Ka5 50. Kb2 Kb4 51. Ka2 a3 52. Kb1 Kb3 53. Ka1 Kc3 54. Ka2 Kd3 55. Kxa3 Kxe3 56. Kb4 Kxd4 57. Kb5 e3 58. Kc6 e2 59. Kd6 e1=Q 0-1

[Event "November 21 Early 2023"]
[Site "https://www.chess.com"]
[Date "2023.11.21"]
[Round "2"]
[White "Maksimovic, Bojan"]
[Black "Alinasab, Mobina"]
[Result "1-0"]
[Board "68"]
[TimeControl "180+1"]
[WhiteFideId "14408120"]
[BlackFideId "12528897"]
[WhiteElo "2546"]
[BlackElo "2052"]
[WhiteTeam "BIH"]
[BlackTeam "IRI"]
[WhiteClock "0:00:12"]
[BlackClock "0:00:00"]

1. a3 d5 2. d4 g6 3. Nf3 Bg7 4. c4 dxc4 5. e3 Nf6 6. Bxc4 O-O 7. Nc3 c5 8. d5 Ne8 9. O-O Nd6 10. Be2 Nd7 11. e4 Bxc3 12. bxc3 Nxe4 13. Qc2 Nd6 14. c4 Nf6 15. Bb2 Bf5 16. Qc3 Bg4 17. Rfe1 Re8 18. Rad1 Rc8 19. Ba1 Nde4 20. Qe3 Nd6 21. h3 Bxf3 22. Qxf3 Nf5 23. Qf4 Nd6 24. Bd3 b5 25. cxb5 c4 26. Bb1 Nxb5 27. d6 Nh5 28. Qe5 f6 29. Qxb5 exd6 30. Qd5+ Kg7 31. Rxe8 Qxe8 32. Qxd6 c3 33. Bc2 Rc6 34. Qd7+ Qxd7 35. Rxd7+ Kg8 36. g3 Ng7 37. Rd3 Nf5 38. Rxc3 Rb6 39. Bxf5 gxf5 40. Kg2 Ra6 41. Rf3 Kf7 42. Rxf5 Rxa3 43. Bd4 Ra6 44. g4 Kg6 45. h4 Ra4 46. h5+ Kh6 47. Be3+ Kg7 48. f3 a5 49. Bb6 Ra2+ 50. Kg3 a4 51. Ra5 a3 52. Bd4 Rd2 53. Ra7+ Kg8 54. Bxf6 a2 55. g5 Rc2 56. g6 hxg6 57. hxg6 1-0

[Event "November 21 Early 2023"]
[Site "https://www.chess.com"]
[Date "2023.11.21"]
[Round "2"]
[White "MFatigue"]
[Black "Petkov, Momchil"]
[Result "0-1"]
[Board "69"]
[TimeControl "180+1"]
[BlackFideId "2921642"]
[WhiteElo "2536"]
[BlackElo "2383"]
[BlackTeam "BUL"]
[WhiteClock "0:00:03"]
[BlackClock "0:00:05"]

1. e4 c5 2. a3 g6 3. h4 h5 4. Nc3 Bg7 5. Bc4 Nc6 6. d3 e6 7. Nge2 Nge7 8. Bg5 a6 9. Ba2 b5 10. Qd2 Bb7 11. O-O O-O 12. Rae1 d6 13. Bh6 Ne5 14. d4 cxd4 15. Nxd4 N7c6 16. Nce2 Nxd4 17. Nxd4 Bxh6 18. Qxh6 Ng4 19. Qg5 Qxg5 20. hxg5 Rac8 21. c3 Rc5 22. Rd1 Rd8 23. Rd2 Rxg5 24. Bxe6 Nf6 25. f3 d5 26. exd5 fxe6 27. dxe6 Re5 28. Rfd1 Re8 29. Kf2 Bd5 30. Ne2 Bxe6 31. Nf4 Bf7 32. Rd6 Kg7 33. R1d2 g5 34. Nh3 R8e6 35. R6d4 Rc6 36. f4 Ne4+ 37. Ke3 Nxd2+ 38. fxe5 Nc4+ 39. Ke4 Rc5 40. Nxg5 Rxe5+ 41. Kf4 Bg6 42. Rd7+ Kf6 43. Nf3 Rf5+ 44. Kg3 Be8 45. Ra7 Rd5 46. Rxa6+ Ke7 47. Ra7+ Kd6 48. Ra6+ Kc7 49. b3 Nd6 50. Ra7+ Kb6 51. Re7 Nf5+ 52. Kf4 Nxe7 0-1

[Event "November 21 Early 2023"]
[Site "https://www.chess.com"]
[Date "2023.11.21"]
[Round "2"]
[White "Concio, Michael Jr."]
[Black "Deng, Henry"]
[Result "1-0"]
[Board "70"]
[TimeControl "180+1"]
[WhiteFideId "5217873"]
[BlackFideId "30965454"]
[WhiteElo "2300"]
[BlackElo "2536"]
[WhiteTeam "PHI"]
[BlackTeam "USA"]
[WhiteClock "0:00:05"]
[BlackClock "0:00:02"]

1. e4 c5 2. Nc3 e6 3. g3 d5 4. Bg2 Nf6 5. d3 Nc6 6. Bg5 Be7 7. Qd2 dxe4 8. dxe4 Qxd2+ 9. Bxd2 O-O 10. O-O-O Rd8 11. Nf3 b6 12. Bf4 Bb7 13. Bc7 Rdc8 14. Bd6 Kf8 15. e5 Ng4 16. Rhf1 Bxd6 17. exd6 Rd8 18. h3 Nf6 19. Ne5 Nxe5 20. Bxb7 Rab8 21. Ba6 Nc6 22. a3 Nd4 23. Nb5 Nxb5 24. Bxb5 Ne4 25. d7 Ke7 26. Bc6 Nf6 27. f4 Nxd7 28. f5 Ne5 29. Be4 Rxd1+ 30. Rxd1 exf5 31. Bxf5 g6 32. Be4 Rd8 33. Re1 Kf6 34. Bg2 Nc4 35. Bf1 Nd6 36. Bg2 Nf5 37. g4 Nd4 38. h4 h6 39. Rf1+ Ke7 40. Re1+ Ne6 41. c3 Rd3 42. Bf1 Rg3 43. Be2 Rh3 44. h5 gxh5 45. gxh5 Rh2 46. Bd1 Kd6 47. Rf1 Ke7 48. Re1 Kf6 49. Rf1+ Kg7 50. b4 cxb4 51. axb4 a5 52. bxa5 bxa5 53. Rg1+ Kf6 54. Rf1+ Ke7 55. Rf5 a4 56. Bxa4 Rh1+ 57. Kb2 Rh2+ 58. Ka3 f6 59. Bd1 Ng5 60. Rf1 Ne4 61. Re1 f5 62. Kb3 Kd6 63. Bc2 Rh3 64. Bxe4 fxe4 65. Rxe4 Rxh5 66. Kb4 Kc7 67. c4 Rg5 68. Re6 h5 69. c5 h4 70. Rh6 h3 71. Kb5 Rg1 72. Rh7+ Kc8 73. Kb6 h2 74. Rh8+ Kd7 75. c6+ Kd6 76. Rh6+ Kd5 77. Rxh2 Rb1+ 78. Kc7 Rc1 79. Rh5+ Ke6 80. Rh2 Kd5 81. Rd2+ Ke6 82. Kb7 Rb1+ 83. Kc8 Rc1 84. c7 Ke7 85. Rd4 Ke6 86. Kb7 Rb1+ 87. Kc8 Ke7 88. Rh4 Rb2 89. Rh7+ Ke8 90. Rh1 Ke7 91. Re1+ Kf7 92. Kd8 Rd2+ 93. Kc8 Rb2 94. Re5 Rb3 95. Kd7 Rd3+ 96. Kc6 Rc3+ 97. Rc5 1-0